 Dungeon Crawl Stone Soup version 0.28.0-53-g5a82cb258f (webtiles) character file.

Game seed: 17150470545121018134

22535 Peloso the Carver (level 12, 111/111 HPs)
             Began as a Minotaur Fighter on Aug 11, 2022.
             Was a High Priest of Okawaru.
             Got out of the dungeon alive.
             The game lasted 00:34:54 (17641 turns).

Peloso the Carver (Minotaur Fighter)               Turns: 17641, Time: 00:34:55

Health: 111/111    AC: 28    Str: 23    XL:     12   Next: 63%
Magic:  13/13      EV:  6    Int:  5    God:    Okawaru [*****.]
Gold:   820        SH:  6    Dex: 13    Spells: 11/11 levels left

rFire   . . .      SeeInvis +   a - +4 long sword (venom)
rCold   . . .      Faith    .   c - +0 buckler
rNeg    . . .      Spirit   .   A - +0 crystal plate armour
rPois   .          Reflect  .   s - +2 hat
rElec   .          Harm     .   m - +0 cloak
rCorr   .          Rampage  .   (no gloves)
Will    .....                   g - +0 pair of boots
Stlth   ..........              (no amulet)
HPRegen 0.28/turn               q - ring of see invisible
MPRegen 0.13/turn               (no ring)

@: studying 2 skills
A: horns 2, retaliatory headbutt
a: Renounce Religion, Heroism, Finesse, Duel


You escaped.
You worshipped Okawaru.
Okawaru was extremely pleased with you.
You visited 3 branches of the dungeon, and saw 17 of its levels.
You also visited: Trove and Bailey.

You collected 820 gold pieces.

Inventory:

Hand Weapons
 a - a +4 long sword of venom (weapon)
 b - the +5 flail of Massacring {flame, rF+}
   (You found it on level 11 of the Dungeon)

   It burns those it strikes, dealing additional fire damage.
   rF:        It protects you from fire.
Missiles
 I - a throwing net (quivered)
Armour
 c - a +0 buckler (worn)
 g - a +0 pair of boots (worn)
 m - a +0 cloak (worn)
 s - a +2 hat (worn)
 v - a +1 chain mail of cold resistance
 A - a +0 crystal plate armour (worn)
Jewellery
 i - an amulet of guardian spirit
 q - a ring of see invisible (left hand)
 J - a ring of ice
Wands
 r - a wand of flame (55)
 H - a wand of mindburst (6)
 K - a wand of acid (6)
 P - a wand of iceblast (8)
Scrolls
 j - a scroll of noise
 k - a scroll of summoning
 l - 2 scrolls of enchant armour
 n - 2 scrolls of identify
 x - a scroll of enchant weapon
 y - 2 scrolls of amnesia
 z - 3 scrolls of blinking {unknown}
 B - 3 scrolls of holy word
 D - a scroll of torment {unknown}
 E - 5 scrolls of fog
 M - 4 scrolls of teleportation
 O - a scroll of fear
Potions
 d - a potion of might
 e - 2 potions of brilliance
 f - 3 potions of mutation
 h - a potion of resistance
 o - 2 potions of flight
 p - 4 potions of curing
 u - 3 potions of haste
 w - a potion of cancellation
 G - 4 potions of heal wounds
 N - a potion of attraction {unknown}


   Skills:
 + Level 11.7 Fighting
 + Level 14.7 Long Blades
 + Level 2.6 Maces & Flails
 + Level 14.3 Armour
 + Level 2.3 Dodging
 + Level 1.1 Stealth
 + Level 9.5 Shields
 + Level 2.9 Invocations
 + Level 2.5 Evocations


You had 11 spell levels left.
You didn't know any spells.
Your spell library contained the following spells:

 Spells                   Type           Power      Damage    Failure   Level
 Apportation              Tloc           0%         N/A       100%        1
 Foxfire                  Conj/Fire      0%         2x1d4     100%        1
 Pain                     Necr           0%         1d4       100%        1
 Sandblast                Erth           0%         2d4       100%        1
 Shock                    Conj/Air       0%         1d3       100%        1
 Corpse Rot               Necr/Air       0%         N/A       100%        2
 Dazzling Flash           Conj/Hex       0%         N/A       100%        3
 Frozen Ramparts          Ice            0%         1d2       100%        3
 Portal Projectile        Hex/Tloc       0%         N/A       100%        3
 Dispel Undead            Necr           0%         3d6       100%        4
 Ice Form                 Ice/Tmut       0%         N/A       100%        4
 Iskenderun's Mystic Bla  Conj/Tloc      0%         2d3       100%        4
 Leda's Liquefaction      Hex/Erth       0%         N/A       100%        4
 Alistair's Intoxication  Tmut/Pois      0%         N/A       100%        5
 Blade Hands              Tmut           0%         N/A       100%        5
 Borgnjor's Vile Clutch   Necr/Erth      0%         N/A       100%        5
 Excruciating Wounds      Necr           0%         N/A       100%        5
 Eringya's Noxious Bog    Tmut/Pois      0%         N/A       100%        6
 Starburst                Conj/Fire      0%         6d3       100%        6
 Call Canine Familiar     Summ           Unusable   N/A       N/A         3
 Summon Ice Beast         Ice/Summ       Unusable   N/A       N/A         4
 Death Channel            Necr           Unusable   N/A       N/A         6

Dungeon Overview and Level Annotations

Branches:
Dungeon (12/15)            Temple (1/1) D:5            Lair (4/6) D:9
  Swamp (0/4) Lair:3       Spider (0/4) Lair:2       Bailey (visited)
    Orc: D:9-12

Altars:
Ashenzari
Cheibriados
Dithmenos
Elyvilon
Fedhas
Gozag
Hepliaklqana
Kikubaaqudgha
Makhleb
Nemelex Xobeh
Okawaru
Sif Muna
Trog
Uskayaw
Vehumet
Wu Jian
Xom
Yredelemnul
Zin
The Shining One

Annotations:
D:10 Secret room


Innate Abilities, Weirdness & Mutations

You have a pair of horns on your head.
You reflexively headbutt those who attack you in melee.


Message History

Level annotation: Secret room
There is a stone staircase leading down here.
There is a stone staircase leading up here.
You climb upwards.
There is a stone staircase leading down here.
There is a stone staircase leading up here.
You climb upwards.
There is a stone staircase leading down here.
There is an open door here.
There is a stone staircase leading up here.
You climb upwards.
There is a stone staircase leading down here.
Things that are here:
24 stones; a +0 flail
Things that are here:
a +0 club; a +0 spear
There is a stone staircase leading up here.
You climb upwards.
There is a stone staircase leading down here.
You see here 19 stones.
There is a stone staircase leading up here.
You climb upwards.
There is a stone staircase leading down here.
There is a stone staircase leading up here.
You climb upwards.
There is a stone staircase leading down here.
You see here a +0 short sword.
There is a stone staircase leading up here.
You climb upwards.
There is a stone staircase leading down here.
There is an open door here.
There is a stone staircase leading up here.
You climb upwards.
There is a stone staircase leading down here.
There is a stone staircase leading up here.
You climb upwards.
There is a stone staircase leading down, spattered with blood here.
There is a staircase leading out of the dungeon here.
Are you sure you want to leave the Dungeon?
This will make you lose the game!
You have escaped!

### ##.#########
#..@#......#
#..##......#
#..........# ##
######### ##.........#
#. ........#
#.........# ##.
........# #.........#
##.. ........#
##.........# ##..#
........#
####..........# ###..##
.(......#
#....######...###...###


There were no monsters in sight!

Vanquished Creatures
  Fannar (Lair:1)
  2 hydras
  An ogre mage (D:11)
  7 two-headed ogres
  Urug (Lair:2)
  Pikel (D:4)
  5 cane toads
  A gargoyle (D:10)
  An unseen horror (D:10)
  4 komodo dragons
  A polar bear (Lair:4)
  A troll (D:9)
  A hornet (D:9)
  3 wraiths
  A vampire (D:11)
  2 wyverns
  24 yaks
  A basilisk (Lair:3)
  2 steam dragons
  Edmund (D:6)
  7 water moccasins
  9 orc warriors
  4 black bears
  5 ogres
  12 wolves
  A necrophage (D:7)
  4 centaurs
  A lemure (D:4)
  2 kobold brigands
  A gnoll sergeant (D:6)
  5 bullfrogs
  3 scorpions
  A wyvern skeleton (D:6)
  3 killer bees (D:9)
  3 electric eels (D:10)
  3 howler monkeys
  A hound (D:5)
  4 jellies
  4 centaur zombies
  5 orc priests
  A centaur skeleton (D:5)
  Terence (D:2)
  3 iguanas
  7 orc wizards
  2 killer bee zombies
  A hound skeleton (D:4)
  11 gnolls
  6 adders
  2 shadow imps
  3 white imps
  2 ufetubi
  An adder zombie (D:5)
  A worm (D:2)
  4 dart slugs
  36 orcs
  8 endoplasms
  3 giant cockroaches
  13 goblins
  13 hobgoblins
  13 jackals
  4 quokkas
  6 ball pythons
  4 bats
  3 frilled lizards (D:2)
  24 kobolds
  7 rats
318 creatures vanquished.

Vanquished Creatures (others)
  A kobold brigand (D:10)
  10 fungi
  11 plants
22 creatures vanquished.

Grand Total: 340 creatures vanquished

Notes
Turn   | Place    | Note
-------+----------+-------------------------------------------
     0 | D:1      | Peloso the Minotaur Fighter began the quest for the Orb.
     0 | D:1      | Reached XP level 1. HP: 19/19 MP: 0/0
    49 | D:1      | Reached XP level 2. HP: 17/27 MP: 1/1
   575 | D:1      | Found a faded altar of an unknown god.
   603 | D:1      | Reached XP level 3. HP: 29/33 MP: 2/2
  1153 | D:2      | Reached XP level 4. HP: 37/40 MP: 3/3
  1430 | D:2      | Found a broken altar of Ashenzari.
  1668 | D:2      | Noticed Terence
  1679 | D:2      | Killed Terence
  1753 | D:2      | Reached XP level 5. HP: 47/47 MP: 4/4
  2114 | D:3      | Reached skill level 1 in Dodging
  2525 | D:4      | Reached skill level 5 in Long Blades
  2776 | D:4      | Reached XP level 6. HP: 53/53 MP: 5/5
  2863 | D:4      | Noticed Pikel
  2885 | D:4      | Killed Pikel
  2886 | D:4      | Reached skill level 5 in Fighting
  2886 | D:4      | Reached skill level 5 in Armour
  2886 | D:4      | Reached XP level 7. HP: 38/61 MP: 6/6
  3458 | D:5      | Entered Level 5 of the Dungeon
  3462 | D:5      | Found a staircase to the Ecumenical Temple.
  3485 | Temple   | Entered the Ecumenical Temple
  3651 | Temple   | Became a worshipper of Warmaster Okawaru
  3727 | D:5      | Found an ancient bone altar of Kikubaaqudgha.
  3752 | D:5      | Reached skill level 5 in Shields
  3800 | D:5      | Reached XP level 8. HP: 64/70 MP: 7/7
  4596 | D:6      | Reached * piety under Okawaru
  4820 | D:6      | Found a hide-covered altar of Uskayaw.
  4908 | D:6      | Found a shimmering altar of Xom.
  4929 | D:6      | Found a blossoming altar of Fedhas.
  4937 | D:6      | Found a broken altar of Ashenzari.
  4988 | D:6      | Found a hazy altar of Hepliaklqana.
  5062 | D:6      | Found a snail-covered altar of Cheibriados.
  5231 | D:6      | Noticed Edmund
  5253 | D:6      | Killed Edmund
  5513 | D:6      | Reached skill level 10 in Long Blades
  5681 | D:7      | Reached XP level 9. HP: 77/78 MP: 8/8
  6093 | D:7      | Reached ** piety under Okawaru
  6281 | D:7      | Found a sparkling altar of Nemelex Xobeh.
  7805 | D:9      | Noticed a troll
  7817 | D:9      | Killed a troll
  7982 | D:9      | Noticed a komodo dragon
  8026 | D:9      | Killed a komodo dragon
  8026 | D:9      | Reached *** piety under Okawaru
  8167 | D:9      | Found a staircase to the Lair.
  8359 | D:9      | Noticed a two-headed ogre
  8371 | D:9      | Killed a two-headed ogre
  8371 | D:9      | Received a gift from Okawaru
  8372 | D:9      | Reached XP level 10. HP: 34/88 MP: 6/9
  8651 | D:9      | Reached **** piety under Okawaru
  9089 | D:9      | Reached skill level 10 in Armour
  9464 | D:9      | Found a glowing silver altar of Zin.
  9464 | D:9      | Noticed an angel
  9593 | D:10     | Entered Level 10 of the Dungeon
  9593 | D:10     | Noticed a two-headed ogre
  9611 | D:10     | Killed a two-headed ogre
  9612 | D:10     | Reached skill level 1 in Invocations
  9648 | D:10     | Reached skill level 1 in Evocations
  9658 | D:10     | Noticed a gargoyle
  9676 | D:10     | Killed a gargoyle
  9936 | D:10     | Identified a scroll of acquirement
  9958 | D:10     | Noticed a two-headed ogre
  9965 | D:10     | Killed a two-headed ogre
  9965 | D:10     | Reached ***** piety under Okawaru
 10003 | D:10     | Found a flagged portal.
 10014 | Bailey   | Entered a bailey
 10260 | Bailey   | Reached XP level 11. HP: 35/97 MP: 11/11
 11102 | D:10     | Noticed a six-headed hydra
 11986 | D:11     | Reached skill level 1 in Stealth
 12055 | D:11     | Identified the +5 flail of Massacring {flame, rF+}
 12115 | D:11     | Noticed an ogre mage
 12115 | D:11     | Noticed a two-headed ogre
 12115 | D:11     | Paralysed by an ogre mage for 2 turns
 12125 | D:11     | Killed an ogre mage
 12133 | D:11     | Killed a two-headed ogre
 12146 | D:11     | Noticed a two-headed ogre
 12154 | D:11     | Killed a two-headed ogre
 12156 | D:11     | Noticed a two-headed ogre
 12157 | D:11     | Noticed a two-headed ogre
 12168 | D:11     | Killed a two-headed ogre
 12168 | D:11     | Received a gift from Okawaru
 12175 | D:11     | Killed a two-headed ogre
 12937 | D:10     | Killed a six-headed hydra
 12937 | D:10     | Identified the +0 chain mail of the Garden {rC+} (Okawaru
                  | gifted it to you on level 10 of the Dungeon)
 12937 | D:10     | Received a gift from Okawaru
 12938 | D:10     | Reached skill level 10 in Fighting
 13524 | Lair:1   | Entered Level 1 of the Lair of Beasts
 13649 | Lair:1   | Reached skill level 1 in Maces & Flails
 13703 | Lair:1   | Noticed Fannar
 13725 | Lair:1   | Killed Fannar
 13994 | Lair:1   | Reached XP level 12. HP: 105/106 MP: 12/12
 14295 | Lair:2   | Noticed Urug
 14349 | Lair:2   | Killed Urug
 14897 | Lair:2   | Found a hole to the Spider Nest.
 16278 | Lair:3   | Found a staircase to the Swamp.
 16554 | Lair:4   | Noticed an eight-headed hydra
 16563 | Lair:4   | Killed an eight-headed hydra
 17291 | D:12     | Found a portal to a secret trove of treasure.
 17328 | D:12     | You paid a toll of 2 scrolls of acquirement to enter a
                  | treasure trove
 17329 | Trove    | Entered a treasure trove
 17409 | Trove    | Got Sif Muna's Initiation to Witchcraft
 17641 | D:$      | Got out of the dungeon alive.

Illustrated notes

Levels and vault maps discovered:
D:1:      saegor_arrival_simple_a, layout_rooms,
          chequers_ecumenical_altar_simple_redux, minmay_tromino_v2
D:2:      layout_loops_ring, basic_altar, minmay_misc_feat_roman, uniq_terence
D:3:      layout_basic, minmay_misc_feat_doors, st_stairs_10
D:4:      cheibrodos_greedy_goblins, layout_loops_ring, uniq_pikel
D:5:      layout_loops_ring, kennysheep_mini_moat,
          minmay_temple_entry_large_hall
D:6:      layout_loops_ring, nzn_hepliaklqana_mist_gate, general_overflow_altar,
          mainiacjoe_overflow_catwalk, mainiacjoe_overflow_boulevard,
          minitemple, uniq_edmund
D:7:      layout_rooms, nemelex_spade_bored_becter, serial_curves,
          eino_curves_02, eino_curves_03
D:8:      layout_gridville
D:9:      layout_stronghold, zin_angel, grunt_lair_entry_orc_guard_hut
D:10:     statuecave_lemuel, layout_loops_ring, enter_bailey_3, grunt_ogre_cave,
          grunt_ministairs_9
D:11:     layout_small_grid
D:12:     layout_gridville, erik_orc_4, enter_trove_1
Temple:   nicolae_temple_figure_eight
Lair:1:   layout_cave_pods, uniq_fannar
Lair:2:   layout_hall_layers, spider_nest_entry_web_field, uniq_urug
Lair:3:   layout_chaotic_city, minmay_swamp_entry_worms,
          grunt_forest_small_clearing_treed
Lair:4:   layout_misc_corridors, lemuel_fruit_fields

Skill      XL: |  1  2  3  4  5  6  7  8  9 10 11 12 |
---------------+-------------------------------------+-----
Fighting       | 4 5 6 8 9 10 11 | 11.7
Long Blades    | 3 4 5 7 8 10 12 13 14 | 14.7
Shields        | 4 5 6 7 8 9 |  9.5
Armour         | 4 5 6 7 9 11 13 14 | 14.3
Dodging        | 1 2 |  2.3
Invocations    | 1 2 |  2.9
Evocations     | 1 2 |  2.5
Stealth        | 1 |  1.1
Maces & Flails | 1 2 |  2.6

Action                   |  1- 3 |  4- 6 |  7- 9 | 10-12 || total
-------------------------+-------+-------+-------+-------++-------
Melee: Long sword        |    83 |   139 |   360 |   485 ||  1067
       Headbutt          |     9 |    28 |    66 |   140 ||   243
       Flail             |       |       |       |    16 ||    16
Invok: Heroism           |       |       |     6 |    23 ||    29
Evoke: Wand              |       |       |     1 |    12 ||    13
  Use: Scroll            |     2 |     3 |     8 |     9 ||    22
       Potion            |       |       |     1 |       ||     1
Armor: Scale mail        |    36 |    11 |       |       ||    47
       Chain mail        |       |    61 |       |       ||    61
       Plate armour      |       |    11 |   192 |    79 ||   282
       Crystal plate arm |       |       |       |   263 ||   263
Dodge: Dodged            |    48 |    47 |   114 |   183 ||   392
Block: Buckler           |    22 |    37 |    88 |   152 ||   299
